 Dungeon Crawl Stone Soup version 0.28.0-43-g3370ac3207 (webtiles) character file.

Game seed: 7043876417844270938

107 Peloso the Covered (level 4, -6/40 HPs)
             Began as a Minotaur Fighter on Mar 17, 2022.
             Killed from afar by an orc wizard (12 damage)
             ... with a puff of flame
             ... on level 3 of the Dungeon.
             The game lasted 00:02:11 (1805 turns).

Peloso the Covered (Minotaur Fighter)               Turns: 1805, Time: 00:02:12

Health: -6/40      AC:  8    Str: 21      XL:     4   Next: 57%
Magic:  3/3        EV:  9    Int:  2 (5)  God:
Gold:   126        SH:  4    Dex: 11      Spells: 3/3 levels left

rFire   . . .      SeeInvis .   a - +1 long sword
rCold   . . .      Faith    .   c - +0 buckler
rNeg    . . .      Spirit   .   b - +0 scale mail
rPois   .          Reflect  .   (helmet restricted)
rElec   .          Harm     .   (no cloak)
rCorr   .          Rampage  .   g - +0 pair of gloves
Will    .....                   (no boots)
Stlth   ..........              (no amulet)
HPRegen 0.13/turn               (no ring)
MPRegen 0.08/turn               (no ring)

@: no status effects
A: horns 2, retaliatory headbutt
a: no special abilities


You were on level 3 of the Dungeon.
You visited 1 branch of the dungeon, and saw 3 of its levels.

You collected 126 gold pieces.

Inventory:

Hand Weapons
 a - a +1 long sword (weapon)
Armour
 b - a +0 scale mail (worn)
 c - a +0 buckler (worn)
 g - a +0 pair of gloves (worn)
Wands
 i - a wand of iceblast (8)
Scrolls
 h - a scroll of teleportation
Potions
 d - a potion of might


   Skills:
 + Level 4.2 Fighting
 + Level 4.0 Long Blades
 + Level 4.7 Armour
 + Level 0.1 Dodging
 + Level 4.1 Shields


You had 3 spell levels left.
You didn't know any spells.
Your spell library was empty.

Dungeon Overview and Level Annotations

Branches:
Dungeon (3/15)

Altars:


Innate Abilities, Weirdness & Mutations

You have a pair of horns on your head.
You reflexively headbutt those who attack you in melee.


Message History

You slash the orc priest!
The orc priest is almost dead.
The orc priest invokes the aid of Beogh against you.
Pain shoots through your body!
* * * LOW HITPOINT WARNING * * *
You hit the orc priest.
You kill the orc priest!
You feel your strength returning.
Your Long Blades skill increases to level 4!
You hit the orc. Your headbutt misses the orc.
The orc is heavily wounded.
You block the orc's attack.
You hit the orc wizard.
The orc wizard is lightly wounded.
The orc wizard hits you but does no damage.
You hit the orc wizard but do no damage.
The orc wizard is lightly wounded.
You block the orc wizard's attack.
You hit the orc wizard.
The orc wizard is moderately wounded.
The orc wizard hits you with a +0 dagger.
* * * LOW HITPOINT WARNING * * *
Okay, then.
You closely miss the orc wizard.
The orc wizard is moderately wounded.
The orc wizard hits you but does no damage.
Unknown command.
You hit the orc wizard but do no damage.
The orc wizard is moderately wounded.
You block the orc wizard's attack.
The orc wizard hits you with a +0 dagger.
* * * LOW HITPOINT WARNING * * *
You closely miss the orc wizard. Your headbutt misses the orc wizard.
The orc wizard is moderately wounded.
The orc wizard completely misses you.
You slash the orc wizard!
The orc wizard is almost dead.
The orc wizard points at you and mumbles some strange words.
The puff of flame hits you!
You die...

. .. ... ....
.....
......###########
......'..o.l..o.+
K.....##.#####o##
..... #..# #@#
.... ##(## #.#
... #..# #.# .o
##.###.# .
#..##.# ##.##.#
#..#.# ##.#.#
#.#.#


You could see an orc wizard and an orc.

Vanquished Creatures
  An orc priest (D:3)
  An iguana (D:3)
  An adder (D:2)
  A worm (D:2)
  3 dart slugs (D:1)
  An orc (D:3)
  A giant cockroach (D:1)
  3 goblins (D:1)
  3 hobgoblins
  6 kobolds
  A quokka (D:2)
  8 ball pythons
  2 bats (D:2)
  A frilled lizard (D:1)
  4 rats
37 creatures vanquished.

Notes
Turn   | Place    | Note
-------+----------+-------------------------------------------
     0 | D:1      | Peloso the Minotaur Fighter began the quest for the Orb.
     0 | D:1      | Reached XP level 1. HP: 19/19 MP: 0/0
    57 | D:1      | Found a faded altar of an unknown god.
    89 | D:1      | Reached XP level 2. HP: 22/27 MP: 1/1
   814 | D:2      | Reached XP level 3. HP: 31/33 MP: 2/2
  1789 | D:3      | Reached XP level 4. HP: 22/40 MP: 3/3
  1805 | D:3      | Killed from afar by an orc wizard

Illustrated notes

Levels and vault maps discovered:
D:1:      onia_arrival_mini_maze_b, layout_rooms,
          nicolae_ecumenical_snake_handling, minmay_crystal_water
D:2:      cheibrodos_helix_gallery, layout_loops_corners
D:3:      layout_basic, serial_shops, nicolae_shop_behind_doors

Skill      XL: |  1  2  3  4 |
---------------+-------------+-----
Armour         | 4 |  4.7
Fighting       | 4 |  4.2
Shields        | 4 |  4.1
Long Blades    | 3 4 |  4.0
Dodging        | |  0.1

Action                   |  1- 3 |  4- 6 || total
-------------------------+-------+-------++-------
Melee: Long sword        |    58 |    16 ||    74
       Headbutt          |    11 |     1 ||    12
  Use: Potion            |     2 |       ||     2
       Scroll            |     3 |       ||     3
Armor: Scale mail        |    23 |     4 ||    27
Dodge: Dodged            |    22 |     3 ||    25
Block: Buckler           |    15 |     3 ||    18
